 Dungeon Crawl Stone Soup version 0.29-a0-231-g945431f764 (webtiles) character file.

Game seed: 15330234297708804856

588 dolemite99 the Cleaver (level 7, 0/57 HPs)
             Began as a Minotaur Fighter on Mar 1, 2022.
             Was an Initiate of Gozag.
             Slain by an ice beast (9 damage)
             ... on level 4 of the Dungeon.
             The game lasted 00:04:27 (5008 turns).

dolemite99 the Cleaver (Minotaur Fighter)           Turns: 5008, Time: 00:04:27

Health: 0/57       AC: 10    Str: 22    XL:     7   Next: 15%
Magic:  6/6        EV:  7    Int:  5    God:    Gozag
Gold:   286        SH:  4    Dex: 10    Spells: 6/6 levels left

rFire   + . .      SeeInvis .   a - +0 war axe
rCold   . . .      Faith    .   c - +0 buckler
rNeg    . . .      Spirit   .   r - +0 chain mail
rPois   .          Reflect  .   (helmet restricted)
rElec   .          Harm     .   m - +0 cloak
rCorr   .          Rampage  .   (no gloves)
Will    .....                   (no boots)
Stlth   ..........              (no amulet)
HPRegen 0.19/turn               h - ring of protection from fire
MPRegen 0.10/turn               (no ring)

@: lethally poisoned (0 -> -4), invisible
A: horns 2, retaliatory headbutt
a: Renounce Religion, Potion Petition, Call Merchant, Bribe Branch


You were on level 4 of the Dungeon.
You worshipped Gozag.
Gozag was aware of your devotion.
You visited 2 branches of the dungeon, and saw 6 of its levels.

You collected 361 gold pieces.
You paid 75 gold pieces to Gozag.

Inventory:

Hand Weapons
 a - a +0 war axe (weapon)
 b - a +3 hunting sling
 g - a +0 hunting sling
 i - a +3 short sword
 q - a +0 morningstar
Missiles
 k - 85 stones
 n - 2 datura-tipped darts
 w - 4 curare-tipped darts (quivered)
Armour
 c - a +0 buckler (worn)
 m - a +0 cloak (worn)
 p - a +0 scale mail
 r - a +0 chain mail (worn)
 s - a scarf of shadows
Jewellery
 h - a ring of protection from fire (left hand)
Scrolls
 d - a scroll of enchant weapon {unknown}
 f - 4 scrolls of teleportation
 j - 5 scrolls of identify {unknown}
 o - a scroll of fear
 t - 2 scrolls of silence
 v - a scroll of vulnerability {unknown}
Potions
 e - a potion of degeneration {unknown}
 u - a potion of attraction {unknown}
 x - a potion of curing {unknown}


   Skills:
 - Level 3.6 Fighting
 + Level 9.5 Axes
 - Level 3.6 Armour
 - Level 3.6 Shields


You had 6 spell levels left.
You didn't know any spells.
Your spell library contained the following spells:

 Spells                   Type           Power      Damage    Failure   Level
 Chain Lightning          Conj/Air       0%         N/A       100%        9
 Fire Storm               Conj/Fire      0%         5d1       100%        9
 Shatter                  Erth           0%         3d5*      100%        9


Dungeon Overview and Level Annotations

Branches:
Dungeon (5/15)             Temple (1/1) D:4

Altars:
Fedhas
Gozag
Kikubaaqudgha
Okawaru
Sif Muna
Uskayaw
Zin


Innate Abilities, Weirdness & Mutations

You have a pair of horns on your head.
You reflexively headbutt those who attack you in melee.


Message History

You closely miss the water moccasin.
The water moccasin is heavily wounded.
You feel very sick. You block the water moccasin's attack.
You barely miss the water moccasin. You headbutt the water moccasin!
The water moccasin is almost dead.
You feel very sick. You block the water moccasin's attack.
You barely miss the water moccasin.
Your headbutt misses the water moccasin.
The water moccasin is almost dead.
You hit the ice beast but do no damage.
You feel very sick.
The water moccasin bites you but does no damage.
The ice beast barely misses you. The water moccasin bites you.
You are more poisoned.
The water moccasin poisons you!
You are too injured to fight recklessly!
You are too injured to fight recklessly!
You feel very sick.
The water moccasin bites you but does no damage.
The ice beast closely misses you.
You climb upwards.
You feel very sick.
There is a stone staircase leading down here.
Okay, then.
You feel very sick. You block the ice beast's attack.
The water moccasin bites you but does no damage.
You feel very sick.
You feel sick.
You feel sick.
You feel sick.
It was a potion of invisibility.
You fade into invisibility!
You feel sick. The ice beast hits you.
* * * LOW HITPOINT WARNING * * *
The ice beast freezes you!
You die...
Your body crumbles into a pile of gold.

#....# #........#.####....#
##.#.# #.#.........)......#
#..#.#####.#.####.#..#.......
##.#.#............#..#.#....#
#.#.#.###.#[#.......#.####.#
#.#.# #.#.###.##..#.# #.#
#.#.# #.#[# #.....#.# #.#
#)#.# #.#.# ####..#.# #.#
#.#.# #.#@# #..#.# #.# #.#.#
..#Y# #..#.# #..
#.#.#######S######..#.######
#.#.....>........#..#.......
#.######.##......#..#######.
#.# #...........<........ #.#
####.........#######. #.#
##.#####..########. #.#
#.....#............


You could see a water moccasin and an ice beast.

Vanquished Creatures
  Grinder (D:4)
  An ogre (D:4)
  A phantom (D:4)
  A howler monkey (D:4)
  A hound (D:4)
  A jelly (D:4)
  An orc wizard (D:4)
  Terence (D:3)
  An adder (D:2)
  A worm (D:4)
  A dart slug (D:4)
  7 orcs (D:4)
  7 bats
  4 endoplasms
  3 giant cockroaches
  5 goblins
  4 hobgoblins (D:1)
  12 kobolds
  6 quokkas
  9 ball pythons
  3 frilled lizards
  6 rats
77 creatures vanquished.

Vanquished Creatures (others)
  A fungus (D:1)
1 creature vanquished.

Grand Total: 78 creatures vanquished

Notes
Turn   | Place    | Note
-------+----------+-------------------------------------------
     0 | D:1      | dolemite99 the Minotaur Fighter began the quest for the
                  | Orb.
     0 | D:1      | Reached XP level 1. HP: 19/19 MP: 0/0
   158 | D:1      | Reached skill level 3 in Axes
   296 | D:1      | Reached XP level 2. HP: 26/26 MP: 1/1
   458 | D:1      | Reached skill level 4 in Axes
   744 | D:1      | Reached XP level 3. HP: 29/31 MP: 2/2
   869 | D:1      | You fall into a shaft and drop 1 floor!
  2081 | D:2      | Reached skill level 5 in Axes
  2420 | D:3      | Reached XP level 4. HP: 39/39 MP: 3/3
  2513 | D:3      | Noticed Terence
  2518 | D:3      | Killed Terence
  2898 | D:4      | Found a staircase to the Ecumenical Temple.
  2922 | Temple   | Entered the Ecumenical Temple
  2981 | Temple   | Became a worshipper of Gozag Ym Sagoz the Greedy
  3004 | D:4      | Reached skill level 6 in Axes
  3092 | D:4      | Noticed a phantom
  3113 | D:4      | Killed a phantom
  3114 | D:4      | Reached skill level 7 in Axes
  3114 | D:4      | Reached XP level 5. HP: 37/45 MP: 4/4
  3588 | D:4      | Noticed an ogre
  3597 | D:4      | Killed an ogre
  3598 | D:4      | Reached skill level 8 in Axes
  3598 | D:4      | Reached XP level 6. HP: 6/51 MP: 5/5
  3985 | D:4      | Noticed Grinder
  3991 | D:4      | Paralysed by Grinder for 4 turns
  4002 | D:4      | Killed Grinder
  4003 | D:4      | Reached skill level 9 in Axes
  4003 | D:4      | Reached XP level 7. HP: 17/57 MP: 6/6
  4991 | D:5      | Entered Level 5 of the Dungeon
  5008 | D:4      | Slain by an ice beast

Illustrated notes

Levels and vault maps discovered:
D:1:      dpeg_arrival_solitude, layout_basic, shapermc_ecumenical_altar_petra,
          serial_co_window_serial, co_window_corner_a, co_window_corner_a,
          co_window_corner_a, co_window_paths_a, co_window_corner_a,
          co_window_of_opportunity_a, co_window_corner_a, co_window_2corner,
          co_window_corner_ca, co_window_corner_b, co_window_cross_3,
          co_window_unsneaky_path_e, co_window_unsneaky_path_e
D:2:      layout_basic
D:3:      layout_loops_corners, uniq_terence
D:4:      layout_basic, minmay_temple_entry_trees, uniq_grinder
D:5:      nicolae_cairo_tiling_large, layout_loops_ring, jmf_multi_god_temple,
          serial_park_tiny_pond
Temple:   minmay_crystal_spiral_temple

Skill      XL: |  1  2  3  4  5  6 |
---------------+-------------------+-----
Axes           | 3 4 5 7 8 9 |  9.5
Fighting       | |  3.6
Armour         | |  3.6
Shields        | |  3.6

Action                   |  1- 3 |  4- 6 |  7- 9 || total
-------------------------+-------+-------+-------++-------
Melee: War axe           |    96 |    52 |    30 ||   178
       Headbutt          |    10 |    10 |     5 ||    25
 Fire: Hunting sling     |       |     8 |       ||     8
Throw: Stone             |    23 |     2 |     5 ||    30
       Dart              |       |       |     2 ||     2
  Use: Scroll            |     2 |     1 |       ||     3
       Potion            |       |     2 |     1 ||     3
Armor: Scale mail        |    40 |       |       ||    40
       Chain mail        |       |    16 |    17 ||    33
Dodge: Dodged            |    56 |     7 |     5 ||    68
Block: Buckler           |    26 |    12 |     6 ||    44

Table legend: (Time is in decaauts)
 A = Elapsed time spent in this place.
 B = Non-inter-level travel time spent in this place.
 C = Inter-level travel time spent in this place.
 D = Time resting spent in this place.
 E = Time spent auto-exploring this place.
 F = Levels seen in this place.
 G = Mean time per level.
                   A        B        C        D        E       F      G
               +--------+--------+--------+--------+--------+-----+--------+
         Total |   5061 |   4874 |    187 |   1255 |   2791 |   6 |  843.5 |
       Dungeon |   4983 |   4814 |    169 |   1255 |   2753 |   5 |  996.6 |
        Temple |     78 |     60 |     18 |      0 |     38 |   1 |   78.0 |
               +--------+--------+--------+--------+--------+-----+--------+

Top non-repeatable levels by time:
     D:4: 2064 daAuts
     D:3: 1106 daAuts
     D:2: 914 daAuts
     D:1: 886 daAuts
  Temple: 78 daAuts
     D:5: 11 daAuts
